 Dungeon Crawl Stone Soup version 0.31.0-11-ge490571c62 (webtiles) character file.

Game seed: 5178056923330588534

3870 Faeranduil the Thaumaturge (level 10, -3/56 HPs)
             Began as an Octopode Alchemist on Jan 26, 2024.
             Was an Initiate of Gozag.
             Killed by nerve-wracking pain
             ... invoked by an orc priest
              (9 damage)
             ... on level 8 of the Dungeon on Jan 27, 2024.
             The game lasted 00:34:03 (12217 turns).

Faeranduil the Thaumaturge (Octopode Alchemist)    Turns: 12217, Time: 00:34:04

Health: -3/56      AC:  1    Str:  8    XL:     10   Next: 19%
Magic:  19/22      EV: 13    Int: 22    God:    Gozag
Gold:   1242       SH:  0    Dex: 12    Spells: 6/25 levels left

rFire   . . .        a - +2 dagger (protect)
rCold   . . .        (no shield)
rNeg    . . .        (helmet restricted)
rPois   .            (no amulet)
rElec   .            m - ring of wizardry
rCorr   .            (no ring)
SInv    .            (no ring)
Will    .....        (no ring)
Stlth   +++          (no ring)
HPRegen 0.29/turn    (no ring)
MPRegen 0.18/turn    (no ring)
                     (no ring)

%: wizardry (x1)
@: gold aura
A: almost no armour, amphibious, 8 rings, camouflage 1, gelatinous body 1,
(nimble swimmer 1), tentacles
a: Renounce Religion, Potion Petition, Call Merchant, Bribe Branch


You were on level 8 of the Dungeon.
You worshipped Gozag.
Gozag was most pleased with you.
You visited 1 branch of the dungeon, and saw 8 of its levels.

You collected 1425 gold pieces.
You spent 150 gold pieces at shops.
You paid 33 gold pieces to Gozag.

Inventory:

Hand Weapons
 a - a +2 dagger of protection (weapon)
 n - the +6 flail of the Stopping Jester {holy, Fly Will- rCorr Str+4}
   (You found it on level 4 of the Dungeon)

   Str+4:     It affects your strength (+4).
   Will-:     It decreases your willpower.
   Fly:       It grants you flight.
   rCorr:     It protects you from acid and corrosion.
 v - a +1 whip of venom
Magical Staves
 b - a staff of fire
 B - a staff of conjuration
Jewellery
 k - a ring of ice
 m - a ring of wizardry (left tentacle)
 E - a ring of wizardry
Wands
 u - a wand of light (8)
 w - a wand of polymorph (13)
 y - a wand of charming (9)
 A - a wand of roots (12)
 C - a wand of mindburst (3)
Scrolls
 e - 2 scrolls of vulnerability
 h - 3 scrolls of poison
 i - 3 scrolls of teleportation
 j - 3 scrolls of fog
 o - a scroll of noise
 p - 2 scrolls of blinking
 r - a scroll of brand weapon
 s - a scroll of silence
Potions
 c - 2 potions of cancellation
 d - 2 potions of curing
 f - 5 potions of heal wounds
 g - a potion of haste
 l - 2 potions of brilliance
 q - a potion of magic
 x - 3 potions of mutation
 z - 2 potions of attraction
 D - 2 potions of lignification
 F - a potion of degeneration {unknown}


   Skills:
 - Level 2.0 Dodging
 - Level 2.6 Stealth
 + Level 8.3 Spellcasting
 - Level 8.0 Conjurations
 + Level 4.7 Fire Magic
 - Level 8.0 Alchemy


You had 6 spell levels left.
You knew the following spells:

 Your Spells              Type           Power      Damage    Failure   Level
a - Sting                 Conj/Alch      100%       1d9       1%          1
b - Sticky Flame          Fire/Alch      37%        2d8       2%          4
d - Mephitic Cloud        Conj/Alch/Air  32%        N/A       1%          3
f - Mercury Vapours       Alch/Air       52%        N/A       1%          2
g - Olgreb's Toxic Radia  Alch           44%        N/A       1%          4
i - Irradiate             Conj/Alch      22%        3d19      3%          5

Your spell library contained the following spells:

 Spells                   Type           Power      Damage    Failure   Level
 Shock                    Conj/Air       100%       1d9       1%          1
 Scorch                   Fire           58%        2d7       1%          2
 Flame Wave               Conj/Fire      37%        2d10      2%          4
 Inner Flame              Hex/Fire       19%        N/A       3%          3
 Summon Ice Beast         Ice/Summ       9%         N/A       9%          3
 Swiftness                Air            9%         N/A       9%          3
 Airstrike                Air            4%         2d(1-17)  26%         4
 Borgnjor's Vile Clutch   Necr/Erth      4%         N/A       58%         5
 Summon Mana Viper        Hex/Summ       9%         N/A       58%         5
 Death Channel            Necr           4%         N/A       98%         6
 Summon Cactus Giant      Summ           4%         N/A       98%         6
 Monstrous Menagerie      Summ           4%         N/A       100%        7
 Ignition                 Fire           14%        3d6       100%        8
 Animate Dead             Necr           Unusable   N/A       N/A         4

Dungeon Overview and Level Annotations

Branches:
Dungeon (8/15)             Temple (0/1) D:6
   Lair: D:8-11

Altars:
Ashenzari
Cheibriados
Elyvilon
Gozag
Qazlal
Ru
Sif Muna
Trog
Uskayaw
Vehumet
Wu Jian
Yredelemnul
Zin
The Shining One

Shops:
D:2 ?   D:3 *   D:5 *

Annotations:
D:8 1 runed translucent door, Biggs's ghost, novice DjAE; Joseph; Maggie


Innate Abilities, Weirdness & Mutations

You cannot wear most types of armour.
You are amphibious.
You can wear up to eight rings at the same time.
Your skin changes colour to match your surroundings (Stealth+).
Your rubbery body absorbs attacks. (AC +1, EV +1)
((You are camouflaged when in or above water. (Stealth+)))
You have tentacles for arms and can constrict up to eight enemies at once.


Message History

You now have 1242 gold pieces (gained 6).
Things that are here:
a -2 halberd; a +0 animal skin You start resting.
HP restored.
You start resting.
Magic restored.
h - 3 scrolls of poison (gained 2) Maggie the Vainglorious comes into view.
She is wielding a +0 war axe of flaming.
Found a potion of cancellation.
Things that are here:
a -2 halberd; a +0 animal skin You see here a +0 chain mail.
The ynoxinul bellows!
Things that are here:
a +2 short sword of speed; 3 stones An orc comes into view.
It is wielding the +1 dagger of Conversion {pain, rElec rF+ rN+}.
The orc shouts!
You hear a shout!
Casting: Sting (safe; 1% risk of failure)
Confirm with . or Enter, or press ? or * to list all spells.
You begin to radiate toxic energy.
The orc is poisoned.
Biggs's ghost turns its malevolent gaze towards you.
The orc looks even sicker.
The orc throws a stone.
The stone closely misses you.
You kill the orc!
Joseph is poisoned.
Your toxic aura wanes.
Joseph shoots a sling bullet.
The sling bullet hits you!
Joseph shoots a sling bullet.
The sling bullet closely misses you.
You hear a shout!
An orc priest comes into view.
It is wielding a +0 falchion and carrying a wand of light.
Joseph sighs, "Being a guard is usually so boring..."
Joseph shoots a sling bullet.
The sling bullet hits you!!
Joseph zaps a wand.
The bolt of light hits you!
* * * LOW HITPOINT WARNING * * *
The ynoxinul is distracted by your dazzling golden aura.
The orc priest calls down the wrath of Beogh upon you.
Pain shoots through your body!
You die...
Your body crumbles into a pile of gold.

#.# #.### #.# #...#
..####...#######
...............#
...............#
...##########..## ###
...#∩.∩.∩W∩.#...# #######.#####
...#.......3#...###...........#
...+......:(#.$.@...###.#.#.#.#
#..#........#...##### #.._..#.#
#..#..∩.∩.∩.#...### ###.#.#.#
... ########.....# #...#.# ...
........@.##.# #####.# ...
........o.##.####### ##.##
...######.#.....#.#.....# #<..#
.....^.##.#.....#.#.....# ##.##
......@.....<...#.......#
##...##


You could see Joseph (poisoned), a ynoxinul (unaware), an orc priest and Biggs's
ghost.

Vanquished Creatures
  Jeremiah (D:7)
  A hornet (D:8)
  Grum (D:8)
  A steam dragon (D:6)
  Menkaure (D:7)
  2 black bears (D:4)
  An ice beast (D:6)
  An orc warrior (D:7)
  3 sky beasts
  2 ogres
  A centaur (D:6)
  4 wolves (D:8)
  2 phantoms (D:6)
  2 kobold brigands
  2 bullfrogs
  3 scorpions
  5 wights (D:7)
  A jelly (D:6)
  4 hounds
  Crazy Yiuf (D:7)
  3 bombardier beetles
  A gnoll bouda (D:7)
  An orc priest (D:7)
  A sleepcap (D:6)
  4 iguanas
  Terence (D:3)
  Natasha (thrice) (D:3)
  3 orc wizards
  Robin (D:2)
  4 gnolls (D:7)
  7 adders
  A shadow imp (D:7)
  6 ufetubi
  4 dart slugs
  3 ribbon worms
  13 orcs
  3 endoplasms (D:4)
  4 giant cockroaches
  19 goblins
  9 hobgoblins
  4 jackals (D:1)
  2 quokkas
  7 ball pythons
  7 bats
  5 frilled lizards
  18 kobolds
  7 rats
180 creatures vanquished.

Notes
Turn   | Place    | Note
-------+----------+-------------------------------------------
     0 | D:1      | Faeranduil the Octopode Alchemist began the quest for the
                  | Orb.
     0 | D:1      | Reached XP level 1. HP: 11/11 MP: 3/3
    87 | D:1      | Reached XP level 2. HP: 15/17 MP: 0/5
   740 | D:1      | Reached XP level 3. HP: 21/21 MP: 3/6
   811 | D:1      | Learned a level 2 spell: Mercury Vapours
  1188 | D:2      | Found an opulent altar of Gozag.
  1202 | D:2      | Became a worshipper of Gozag Ym Sagoz the Greedy
  1682 | D:2      | Noticed Robin
  2032 | D:2      | Reached skill level 5 in Alchemy
  2091 | D:2      | Found Ummil's Magic Scroll Shop.
  2164 | D:2      | Killed Robin
  2165 | D:2      | Reached XP level 4. HP: 23/27 MP: 0/7
  2244 | D:2      | Bought a scroll of identify for 20 gold pieces
  2244 | D:2      | Bought a scroll of identify for 20 gold pieces
  2244 | D:2      | Bought a scroll of identify for 20 gold pieces
  2244 | D:2      | Bought a scroll of identify for 20 gold pieces
  2244 | D:2      | Bought a scroll of teleportation for 30 gold pieces
  2244 | D:2      | Bought a scroll of fog for 40 gold pieces
  2865 | D:3      | Found a snail-covered altar of Cheibriados.
  2925 | D:3      | Reached XP level 5. HP: 31/31 MP: 5/9
  2947 | D:3      | Found a hide-covered altar of Uskayaw.
  3130 | D:3      | Found a broken altar of Ashenzari.
  3321 | D:3      | Found Bikaodd's General Store.
  3954 | D:3      | Noticed Terence
  3961 | D:3      | Learned a level 4 spell: Olgreb's Toxic Radiance
  3962 | D:3      | Noticed Natasha
  3995 | D:3      | Killed Terence
  4302 | D:3      | Learned a level 3 spell: Mephitic Cloud
  4317 | D:3      | Killed Natasha
  4507 | D:4      | Reached XP level 6. HP: 36/36 MP: 1/11
  4553 | D:3      | Noticed Natasha
  4558 | D:3      | Killed Natasha
  4755 | D:3      | Noticed Natasha
  4760 | D:3      | Killed Natasha
  4846 | D:4      | Identified the +6 flail of the Stopping Jester {holy, Fly
                  | Will- rCorr Str+4}
  4847 | D:4      | Noticed a black bear
  4934 | D:4      | Killed a black bear
  5036 | D:4      | Noticed a black bear
  5052 | D:4      | Killed a black bear
  5053 | D:4      | Reached XP level 7. HP: 41/41 MP: 2/13
  5148 | D:4      | Found a stormy altar of Qazlal.
  5533 | D:4      | Found a glowing silver altar of Zin.
  5691 | D:4      | Found a sacrificial altar of Ru.
  5890 | D:5      | Entered Level 5 of the Dungeon
  5921 | D:5      | Found an opulent altar of Gozag.
  5923 | D:5      | Found Gozag's Platinum Reserve.
  6289 | D:5      | Found a glowing golden altar of the Shining One.
  6291 | D:5      | Noticed an angel
  6296 | D:5      | Found a basalt altar of Yredelemnul.
  6298 | D:5      | Noticed a profane servitor
  6489 | D:5      | Found a shimmering blue altar of Sif Muna.
  6967 | D:6      | Learned a level 4 spell: Sticky Flame
  6980 | D:6      | Reached skill level 5 in Spellcasting
  6980 | D:6      | Reached XP level 8. HP: 46/46 MP: 6/15
  7507 | D:6      | Found a bloodstained altar of Trog.
  7663 | D:6      | Found a staircase to the Ecumenical Temple.
  7855 | D:6      | Reached skill level 5 in Conjurations
  8126 | D:6      | Found a radiant altar of Vehumet.
  8678 | D:6      | Found an ornate altar of the Wu Jian Council.
  9012 | D:7      | Reached XP level 9. HP: 51/51 MP: 0/18
  9338 | D:7      | Noticed Jeremiah
  9347 | D:7      | Killed Jeremiah
 10297 | D:7      | Noticed Menkaure
 10329 | D:7      | Learned a level 5 spell: Irradiate
 10412 | D:7      | Reached skill level 1 in Fire Magic
 10645 | D:7      | Killed Menkaure
 10807 | D:7      | Found a runed translucent door.
 10808 | D:7      | Noticed Crazy Yiuf
 10970 | D:7      | Killed Crazy Yiuf
 11126 | D:8      | Noticed Biggs's ghost (novice DjAE)
 11157 | D:8      | Found a white marble altar of Elyvilon.
 11228 | D:8      | Noticed a hornet
 11235 | D:8      | Killed a hornet
 11236 | D:8      | Reached XP level 10. HP: 56/56 MP: 8/21
 11329 | D:8      | Noticed Joseph
 11788 | D:8      | Found a runed translucent door.
 11915 | D:8      | Noticed Grum
 12080 | D:8      | Killed Grum
 12151 | D:8      | Noticed Maggie
 12208 | D:8      | Identified the +1 dagger of Conversion {pain, rElec rF+
                  | rN+}
 12217 | D:8      | Killed from afar by an orc priest

Illustrated notes

Levels and vault maps discovered:
D:1:      psy_arrival_whirlpool, layout_basic, minmay_tetromino_l2
D:2:      layout_basic, serial_shops, shop, basic_altar,
          kennysheep_generic_room_5, uniq_robin
D:3:      wad_lake_hut, layout_basic, cheibriados_altar_1,
          mainiacjoe_overflow_large_starburst, serial_shops,
          nicolae_shop_behind_doors, grunt_ministairs_9, kennysheep_minor_cross,
          uniq_natasha, uniq_terence
D:4:      layout_cave_pools, mainiacjoe_overflow_24_doors,
          mainiacjoe_overflow_surrounded_room, general_overflow_altar,
          grunt_decor_one_mirror
D:5:      layout_loops_ring, mainiacjoe_overflow_alcove_2,
          grunt_temple_overflow_holy_war, nicolae_gozag_zags_fifth_avenue
D:6:      layout_basic, nicolae_overflow_hidden_temple, kennysheep_mini,
          mainiacjoe_overflow_catwalk, minmay_temple_entry_overgrown,
          st_stairs_3
D:7:      layout_cave_pools, uniq_jeremiah, uniq_crazy_yiuf_cottage,
          uniq_menkaure
D:8:      layout_loops_cross, lemuel_crystal_altar, hellmonk_ghost_big_iron,
          uniq_grum, uniq_joseph, uniq_maggie

Skill      XL: |  1  2  3  4  5  6  7  8  9 10 |
---------------+-------------------------------+-----
Alchemy        | 4 5 6 7 8 |  8.0
Spellcasting   | 3 4 5 6 7 8 |  8.3
Conjurations   | 3 6 8 |  8.0
Fire Magic     | 3 4 |  4.7
Dodging        | |  2.0
Stealth        | |  2.6

Action                     |  1- 3 |  4- 6 |  7- 9 | 10-12 || total
---------------------------+-------+-------+-------+-------++-------
  Melee: Unarmed           |    20 |       |       |       ||    20
         Constrict         |    10 |     3 |     1 |       ||    14
         Tentacles         |     8 |       |    10 |       ||    18
         Punch             |     2 |       |       |       ||     2
         Dagger            |     5 |     9 |    75 |       ||    89
   Cast: Sting             |    70 |    68 |    82 |     9 ||   229
         Mercury Vapours   |     1 |     3 |     4 |     1 ||     9
         Olgreb's Toxic Ra |       |    12 |    68 |    14 ||    94
         Mephitic Cloud    |       |     1 |       |       ||     1
         Sticky Flame      |       |       |    10 |       ||    10
         Irradiate         |       |       |     5 |       ||     5
  Evoke: Wand              |       |       |     4 |       ||     4
    Use: Scroll            |       |    10 |     6 |     1 ||    17
         Potion            |       |       |     1 |       ||     1
   Stab: Distracted        |     1 |       |       |       ||     1
         Sleeping          |       |       |     1 |       ||     1
 Armour: Skin              |    17 |     8 |    77 |    13 ||   115
  Dodge: Dodged            |    33 |    24 |    68 |    11 ||   136
